 Dungeon Crawl Stone Soup version 0.28-a0-816-gb054d885db (webtiles) character file.

Game seed: 1978218145310602802

7 emperorscorpion the Skirmisher (level 2, -6/37 HPs)
             Began as a Djinni Berserker on Nov 8, 2021.
             Was a Follower of Trog.
             Mangled by Crownlay's ghost (17 damage)
             ... on level 2 of the Dungeon.
             The game lasted 00:01:23 (145 turns).

emperorscorpion the Skirmisher (Djinni Berserker)    Turns: 145, Time: 00:01:23

Health: -6/37      AC:  2    Str: 16    XL:     2   Next: 10%
Gold:   38         EV: 12    Int:  8    God:    Trog [*.....] SH:  0 Dex: 12

rFire   + + .      SeeInvis .   a - +0 hand axe
rCold   x . .      Faith    .   (no shield)
rNeg    . . .      Spirit   .   b - +0 animal skin
rPois   ∞          Reflect  .   (no helmet)
rElec   .          Harm     .   (no cloak)
rCorr   .          Rampage  .   (no gloves)
Will    .....                   (boots unavailable)
Stlth   ..........              (no amulet)
HPRegen 0.12/turn               (no ring)
MPRegen 0.00/turn               (no ring)

@: berserking, flying, very quick
A: sickness immunity, fire resistance 2, cold vulnerability 1, float, innate
caster, hp casting, extra vitality 1
a: Renounce Religion, Berserk


You were on level 2 of the Dungeon.
You worshipped Trog.
Trog was aware of your devotion.
You visited 1 branch of the dungeon, and saw 3 of its levels.

You collected 38 gold pieces.

Inventory:

Hand Weapons
 a - a +0 hand axe (weapon)
Armour
 b - a +0 animal skin (worn)
Scrolls
 c - a scroll of identify {unknown}


   Skills:
 + Level 3.2 Fighting
 + Level 2.6 Axes
 + Level 2.0 Armour
 + Level 2.2 Dodging


You had one spell level left.
You didn't know any spells.
Your spell library was empty.

Dungeon Overview and Level Annotations

Branches:
Dungeon (3/15)

Altars:
Okawaru

Annotations:
D:2 Crownlay's ghost, amateur TrHu
D:3 MagicUser's ghost, amateur FoFi; VictorG's ghost, amateur TrHu


Innate Abilities, Weirdness & Mutations

You are immune to sickness and miasma.
You are immune to poison.
Your flesh is very heat resistant. (rF++)
You are vulnerable to cold. (rC-)
You float through the air rather than walking.
You learn spells naturally, not from books.
Your magical power is your life essence.
You have superior vitality. (+4 HP)


Message History

The giant cockroach misses you.
You closely miss the giant cockroach.
The giant cockroach is severely wounded.
The giant cockroach bites you. x2
You hit the giant cockroach.
You kill the giant cockroach!
Trog accepts your kill.
Found 14 gold pieces.
Found an iron altar of Okawaru.
You now have 38 gold pieces (gained 14).
Found an escape hatch in the ceiling.
Found a stone staircase leading down.
There is a stone staircase leading down here.
You fly downwards.
Found a runed translucent gate.
There is a stone staircase leading up here.
Found a leather armour and a scroll labelled ICUUPE KUOKHACRI.
MagicUser's ghost turns its malevolent gaze towards you.
Crownlay's ghost turns its malevolent gaze towards you.
Found 15 arrows, a trident, a falchion and 9 gold pieces.
You reach down and open the gate.
You aren't carrying any potions.
Press: ? - help, v - describe, . - travel The floor.
There is a stone staircase leading up here.
Crownlay's ghost barely misses you.
You fly upwards.
There is a stone staircase leading down here.
A red film seems to cover your vision as you go berserk!
You feel yourself moving faster!
You feel mighty!
Crownlay's ghost hits you but does no damage.
You barely miss Crownlay's ghost. You barely miss Crownlay's ghost.
Crownlay's ghost hits you!!
* * * LOW HITPOINT WARNING * * *
You hit Crownlay's ghost.
Crownlay's ghost is lightly damaged.
Crownlay's ghost wails, "There is no future for me!"
Crownlay's ghost closely misses you.
You closely miss Crownlay's ghost.
Crownlay's ghost is lightly damaged.
Crownlay's ghost hits you!
You die...

#...# # #...#
#...# ##..##
##....#
##.....#
##......#
##.W.....#
#...@.<..#
...........##
..........##
###########


You could see Crownlay's ghost.

Vanquished Creatures
  2 giant cockroaches
  A hobgoblin (D:1)
  2 kobolds
  A frilled lizard (D:1)
6 creatures vanquished.

Notes
Turn   | Place    | Note
-------+----------+-------------------------------------------
     0 | D:1      | emperorscorpion the Djinni Berserker began the quest for
                  | the Orb.
     0 | D:1      | Reached XP level 1. HP: 20/20 MP: 0/0
    89 | D:2      | Reached XP level 2. HP: 23/25 MP: 0/0
   104 | D:2      | Found an iron altar of Okawaru.
   127 | D:3      | Found a runed translucent gate.
   128 | D:3      | Found a runed translucent gate.
   129 | D:3      | Found a runed translucent gate.
   130 | D:3      | Noticed MagicUser's ghost (amateur FoFi)
   130 | D:3      | Noticed Crownlay's ghost (amateur TrHu)
   130 | D:3      | Noticed VictorG's ghost (amateur TrHu)
   145 | D:2      | Mangled by Crownlay's ghost

Illustrated notes

Levels and vault maps discovered:
D:1:      zelgadis_glass_arrival_small, layout_basic,
          shapermc_ecumenical_altar_gd, serial_shops, nicolae_square_shop
D:2:      kennysheep_big_flooded_room, layout_rooms, basic_altar
D:3:      layout_basic, gammafunk_ghost_cemetery

Action                   || total
-------------------------++-------
Melee: Hand axe          ||    29
Invok: Berserk           ||     2
Armor: Animal skin       ||    11
Dodge: Dodged            ||    19

Table legend: (Time is in decaauts)
 A = Elapsed time spent in this place.
 B = Non-inter-level travel time spent in this place.
 C = Inter-level travel time spent in this place.
 D = Time resting spent in this place.
 E = Time spent auto-exploring this place.
 F = Levels seen in this place.
 G = Mean time per level.
                   A        B        C        D        E       F      G
               +--------+--------+--------+--------+--------+-----+--------+
         Total |    159 |    159 |      0 |      0 |     18 |   3 |   53.0 |
       Dungeon |    159 |    159 |      0 |      0 |     18 |   3 |   53.0 |
               +--------+--------+--------+--------+--------+-----+--------+

Top non-repeatable levels by time:
     D:1: 93 daAuts
     D:2: 53 daAuts
     D:3: 12 daAuts
